 Dungeon Crawl Stone Soup version 0.30-a0-782-ge64f9170bb (webtiles) character file.

Game seed: 14251898110675884858

809 Dirtsage the Cleaver (level 7, -6/52 HPs)
             Began as a Demonspawn Fighter on Mar 9, 2023.
             Killed by divine providence
             ... invoked by an orc priest
              (9 damage)
             ... on level 5 of the Dungeon.
             The game lasted 00:07:50 (3585 turns).

Dirtsage the Cleaver (Demonspawn Fighter)           Turns: 3585, Time: 00:07:51

Health: -6/52      AC:  9    Str: 18    XL:     7   Next: 61%
Magic:  7/7        EV:  9    Int: 10    God:
Gold:   178        SH:  4    Dex: 12    Spells: 6/6 levels left

rFire   . . .      SeeInvis .    a - +0 war axe
rCold   + . .      Faith    .    c - +0 buckler
rNeg    . . .      Spirit   .    b - +0 scale mail
rPois   +          Reflect  .    m - +0 hat
rElec   .          Harm     .    (no cloak)
rCorr   .          Rampage  .    (no gloves)
Will    .....                    g - +0 pair of boots Stlth
                                 (no amulet)
HPRegen 0.28/turn                I - ring of protection from cold
MPRegen 0.10/turn                P - ring of poison resistance

@: mighty
A: thin metallic scales 1, foul stench 1, powered by pain 1, demonic touch 1
a: no special abilities


You were on level 5 of the Dungeon.
You visited 1 branch of the dungeon, and saw 5 of its levels.

You collected 178 gold pieces.

Inventory:

Hand Weapons
 a - a +0 war axe (weapon)
Missiles
 h - a throwing net (quivered)
Armour
 b - a +0 scale mail (worn)
 c - a +0 buckler (worn)
 g - a +0 pair of boots (worn)
 m - a +0 hat (worn)
 w - a +0 plate armour
Jewellery
 v - a +6 ring of intelligence
 I - a ring of protection from cold (left hand)
 P - a ring of poison resistance (right hand)
Wands
 u - a wand of flame (30)
Scrolls
 f - 5 scrolls of identify {unknown}
 j - a scroll of poison {unknown}
 l - a scroll of blinking {unknown}
 p - 2 scrolls of immolation {unknown}
 q - a scroll of vulnerability {unknown}
 s - 3 scrolls of teleportation {unknown}
 t - a scroll of summoning {unknown}
Potions
 d - 2 potions of haste {unknown}
 e - 2 potions of resistance {unknown}
 i - 2 potions of mutation {unknown}
 k - 2 potions of curing {unknown}
 n - a potion of heal wounds {unknown}
 o - 2 potions of lignification {unknown}
 r - 2 potions of berserk rage {unknown}
 x - a potion of flight {unknown}


   Skills:
 - Level 3.0 Fighting
 + Level 8.1 Axes
 - Level 2.6 Armour
 - Level 2.6 Shields


You had 6 spell levels left.
You didn't know any spells.
Your spell library contained the following spells:

 Spells                   Type           Power      Damage    Failure   Level
 Summon Small Mammal      Summ           0%         N/A       85%         1
 Blink                    Tloc           0%         N/A       94%         2
 Call Canine Familiar     Summ           0%         N/A       99%         3
 Summon Guardian Golem    Hex/Summ       0%         N/A       99%         3
 Manifold Assault         Tloc           0%         N/A       100%        4
 Storm Form               Tmut/Air       0%         N/A       100%        7


Dungeon Overview and Level Annotations

Branches:
Dungeon (5/15)
 Temple: D:4-7

Altars:

Shops:
D:5 (

Annotations:
D:1 2 transporters


Innate Abilities, Weirdness & Mutations

You are partially covered in thin metallic scales. (AC +2)
You may rarely emit foul miasma when damaged in melee.
You sometimes gain a little power by taking damage.
Your touch may inflict minor irresistible damage on your foes.


Message History

You hear a shout!
You hit the ogre.
The ogre is lightly wounded.
The ogre hits you with a +0 giant club!
The orc priest calls down the wrath of Beogh upon you.
Beogh smites you!
You take 25 damage, and have 27/52 hp.
MASSIVE DAMAGE!!
You are too injured to fight recklessly!
You slash the ogre!
The ogre is moderately wounded.
The ogre barely misses you.
An orc comes into view. It is wielding a +0 falchion.
You hit the ogre.
The ogre is heavily wounded.
The ogre closely misses you.
You hit the ogre.
The ogre is severely wounded.
You hit the ogre but do no damage.
The ogre is severely wounded.
The ogre closely misses you.
The orc priest mumbles some strange prayers to Beogh against you.
Beogh smites you!
* * * LOW HITPOINT WARNING * * *
You focus on the pain.
You feel very mighty all of a sudden.
You take 13 damage, and have 15/52 hp.
MASSIVE DAMAGE!!
You slash the ogre!
You kill the ogre!
Your Axes skill increases to level 8!
You slash the ogre!
The ogre is heavily wounded.
The ogre barely misses you.
The orc priest looks satisfied for a moment.
You hit the ogre.
The ogre is heavily wounded.
The ogre hits you with a +0 giant club!
* * * LOW HITPOINT WARNING * * *
The orc priest calls down the wrath of Beogh upon you.
Beogh smites you!
You die...

..# #.# ##
..#########.###.....
...................
###########.####... ..#
#.....).#.o #..
#.......#oo ..
#.......#o# ..
####.####O# .#
###.####@######.#
####.....##..).....##.##
#.........#######........
#........................
.....#....#######.####.##
###.####....# #.# # ###.#
###### #.. †...# ####.
###.# #..


You could see an ogre, an orc priest and 3 orcs.

Vanquished Creatures
  Grinder (D:3)
  Sigmund (D:3)
  An ogre (D:5)
  A centaur (D:5)
  2 hounds
  Ijyb (D:3)
  2 iguanas
  7 adders
  2 worms (D:2)
  4 orcs
  3 endoplasms
  14 giant cockroaches
  6 goblins
  5 hobgoblins
  6 jackals
  A quokka (D:4)
  6 ball pythons
  3 bats
  2 frilled lizards (D:1)
  8 kobolds
  3 rats
79 creatures vanquished.

Notes
Turn   | Place    | Note
-------+----------+-------------------------------------------
     0 | D:1      | Dirtsage the Demonspawn Fighter began the quest for the
                  | Orb.
     0 | D:1      | Reached XP level 1. HP: 18/18 MP: 1/1
    62 | D:1      | Reached skill level 2 in Axes
   134 | D:1      | Gained mutation: Your touch may inflict minor irresistible
                  | damage on your foes. [demonic ancestry]
   134 | D:1      | Reached XP level 2. HP: 22/24 MP: 2/2
   806 | D:2      | Reached skill level 3 in Axes
   959 | D:2      | Reached XP level 3. HP: 29/29 MP: 3/3
  1128 | D:2      | Reached skill level 4 in Axes
  1128 | D:2      | Gained mutation: You may rarely emit foul miasma when
                  | damaged in melee. [demonic ancestry]
  1128 | D:2      | Reached XP level 4. HP: 35/35 MP: 4/4
  1426 | D:3      | Noticed Ijyb
  1444 | D:3      | Killed Ijyb
  1815 | D:3      | Gained mutation: You sometimes gain a little power by
                  | taking damage. [demonic ancestry]
  1815 | D:3      | Reached XP level 5. HP: 41/41 MP: 5/5
  2022 | D:3      | Noticed Grinder
  2025 | D:3      | Paralysed by Grinder for 5 turns
  2042 | D:3      | Killed Grinder
  2043 | D:3      | Reached skill level 6 in Axes
  2043 | D:3      | Gained mutation: You are partially covered in thin metallic
                  | scales. (AC +2) [demonic ancestry]
  2043 | D:3      | Reached XP level 6. HP: 12/47 MP: 6/6
  2192 | D:3      | Noticed Sigmund
  2200 | D:3      | Killed Sigmund
  2201 | D:3      | Reached skill level 7 in Axes
  2496 | D:4      | Reached XP level 7. HP: 52/52 MP: 7/7
  3280 | D:5      | Entered Level 5 of the Dungeon
  3473 | D:5      | Found Ijuekuv's Antique Weapon Shop.
  3584 | D:5      | Reached skill level 8 in Axes
  3585 | D:5      | Killed from afar by an orc priest

Illustrated notes

Levels and vault maps discovered:
D:1:      spicycebolla_arrival_transporter_tutorial, layout_basic, minivault_4,
          minmay_misc_feat_roman
D:2:      minmay_roachtagon, layout_basic
D:3:      layout_basic, solitary_fountain, uniq_sigmund, uniq_grinder, uniq_ijyb
D:4:      layout_loops_ring, minmay_crystal_water
D:5:      layout_basic, mainiacjoe_overflow_alcove_1, serial_shops, shop

Skill      XL: |  1  2  3  4  5  6  7 |
---------------+----------------------+-----
Axes           | 2 3 4 6 7 8 |  8.1
Fighting       | |  3.0
Armour         | |  2.6
Shields        | |  2.6

Action                     |  1- 3 |  4- 6 |  7- 9 || total
---------------------------+-------+-------+-------++-------
  Melee: War axe           |   113 |    94 |    69 ||   276
  Evoke: Wand              |       |     1 |       ||     1
    Use: Potion            |       |     2 |       ||     2
 Armour: Scale mail        |    62 |    61 |    31 ||   154
  Dodge: Dodged            |    76 |    40 |    32 ||   148
  Block: Buckler           |    25 |    27 |    12 ||    64

Table legend: (Time is in decaauts)
 A = Elapsed time spent in this place.
 B = Non-inter-level travel time spent in this place.
 C = Inter-level travel time spent in this place.
 D = Time resting spent in this place.
 E = Time spent auto-exploring this place.
 F = Levels seen in this place.
 G = Mean time per level.
                   A        B        C        D        E       F      G
               +--------+--------+--------+--------+--------+-----+--------+
         Total |   3677 |   3547 |    130 |      0 |   2942 |   5 |  735.4 |
       Dungeon |   3677 |   3547 |    130 |      0 |   2942 |   5 |  735.4 |
               +--------+--------+--------+--------+--------+-----+--------+

Top non-repeatable levels by time:
     D:3: 1129 daAuts
     D:1: 832 daAuts
     D:4: 803 daAuts
     D:2: 601 daAuts
     D:5: 309 daAuts
